 Dungeon Crawl Stone Soup version 0.32-a0-30-gefbe487952 (webtiles) character file.

Game seed: 17465734203308147938

228 kae the Changeling (level 5, -5/60 HPs)
             Began as a Demonspawn Shapeshifter on Jan 19, 2024.
             Killed from afar by Robin (9 damage)
             ... with a puff of flame
             ... on level 3 of the Dungeon.
             The game lasted 00:02:02 (2536 turns).

kae the Changeling (Demonspawn Shapeshifter)        Turns: 2536, Time: 00:02:02

Health: -5/60      AC: 22    Str: 14    XL:     5   Next: 70%
Magic:  5/5        EV:  2    Int: 10    God:
Gold:   160        SH:  0    Dex: 15    Spells: 4/4 levels left

rFire   . .          .
                       - Unarmed
rCold   . . .        (no shield)
rNeg    . . .        a - melded +1 animal skin
rPois   +            n - melded +2 helmet
rElec   .            (cloak currently unavailable)
rCorr   .            (gloves currently unavailable)
SInv    .            (boots currently unavailable)
Will    .....        (no amulet) Stlth
                     (no ring)
HPRegen 0.30/turn    (no ring)
MPRegen 0.09/turn

%: no passive effects
@: tree-form, silenced
A: stationary, stasis, torment immunity, boosted hp, (demonic touch 1)
a: no special abilities


You were on level 3 of the Dungeon.
You were a tree.
You visited 1 branch of the dungeon, and saw 3 of its levels.

You collected 160 gold pieces.


Innate Abilities, Weirdness & Mutations

You are a tree.
Your roots penetrate the ground, keeping you stationary.
You cannot be teleported.
You are immune to unholy pain and torment.
Your maximum health is greatly increased.
Your equipment is partially melded.
((Your touch may inflict minor irresistible damage on your foes.))


   Skills:
 + Level 2.8 Fighting
 - Level 1.7 Dodging
 + Level 3.7 Unarmed Combat
 * Level 4.3 Shapeshifting


You had 4 spell levels left.
You didn't know any spells.
Your spell library contained the following spells:

 Spells                   Type           Power      Damage    Failure   Level
 Sandblast                Erth           0%         2d4       36%         1
 Passwall                 Erth           0%         N/A       75%         3
 Stone Arrow              Conj/Erth      0%         3d7       75%         3
 Volatile Blastmotes      Fire/Tloc      0%         2d10      75%         3
 Brom's Barrelling Bould  Conj/Erth      0%         2d3       98%         4
 Fulminant Prism          Conj/Alch      0%         3d5       98%         4
 Iskenderun's Mystic Bla  Conj/Tloc      0%         2d3       98%         4

Inventory:

Missiles
 h - 51 stones (quivered)
Armour
 a - a +1 animal skin (melded)
 n - a +2 helmet (melded)
   (You found it on level 2 of the Dungeon)
Jewellery
 N - a ring of positive energy
   (You found it on level 2 of the Dungeon)
Talismans
 c - a beast talisman
 d - a flux talisman (active)
Scrolls
 f - a scroll of noise {!r}
 j - a scroll of identify {@r1}
 l - a scroll of enchant armour
Potions
 e - a potion of brilliance
 o - 2 potions of enlightenment

Dungeon Overview and Level Annotations

Branches:
Dungeon (3/15) Zot: 15491

Altars:
Makhleb
Qazlal
Ru
Xom

Annotations:
D:3 Robin

#.....)........####....#..
#..............##....#.#.#
#.....)........#..##.#...#
#.......)...###..###.#.###
#...........###.#........#
#......#)....##.#.##..<...
####............#.########
#...>#g#..>#...........
#....#♣#.###.#.....#.##
#....))#.# #.#..#..#.#
#........###.#..#....#
###.####.....#..##.###
#.......)...<.....#
.########.####.###...# .
.....#..#............#
...###.......#..######.#
#........#.....##.....#


You could see Robin.


Message History

The goblin misses you. The goblin hits you but does no damage.
The goblin completely misses you. The hobgoblin hits you.
The goblin hits you with a +0 dagger. x2
* * * LOW HITPOINT WARNING * * *
😨 HP[-12]
You take 12 damage, and now have 12/29 hp.
MASSIVE DAMAGE!! (PAUSE)
You hit the goblin.
You kill the goblin!
The goblin hits you with a +0 dagger.
* * * LOW HITPOINT WARNING * * *
The goblin closely misses you. x2; The goblin barely misses you.
The hobgoblin barely misses you. The goblin misses you. 😨 HP[-2]
You take 2 damage, and now have 10/29 hp.
Unknown command.
The goblin barely misses you. The goblin misses you.
The goblin hits you with a +0 dagger.
* * * LOW HITPOINT WARNING * * *
Things that are here:
a +0 dagger; a goblin corpse; a hobgoblin corpse 😨 HP[-2]
You take 2 damage, and now have 8/29 hp.
The goblin hits you but does no damage. Robin throws the goblin at you!
The goblin closely misses you.
You see here a +0 battleaxe.
Unknown command.
You hit the goblin.
The goblin begins to glow.
The goblin barely misses you. The goblin hits you but does no damage.
The goblin hits you with a +0 dagger.
* * * LOW HITPOINT WARNING * * *
😱 HP[-4]
You take 4 damage, and now have 4/29 hp.
You hit the goblin.
You kill the goblin!
The goblin closely misses you. The goblin hits you with a +0 dagger.
* * * LOW HITPOINT WARNING * * *
The goblin closely misses you. 😱 HP[-3]
You take 3 damage, and now have 1/29 hp.
Okay, then.
As you read the scroll labelled POUNIDDARYU, it crumbles to dust.
A profound silence engulfs you.
It was a scroll of silence.
The goblin no longer looks unusually strong.
The goblin hits you but does no damage. The goblin closely misses you.
The goblin misses you.
The hobgoblin no longer looks unusually strong.
Things that are here:
a +0 dagger; a goblin corpse Unknown command.
Unknown command.
You hit the goblin.
You kill the goblin! 😱 HP[+1] Unknown command.
Your transformation has ended.
Your +1 animal skin unmelds from your body.
You turn into a tree.
Your +2 helmet melds into your body.
Your +1 animal skin melds into your body.
Your roots penetrate the ground.
The goblin no longer looks unusually strong.
The goblin hits you but does no damage. 😱 HP[+1]
You now have 60 max hp (+31).
You closely miss the goblin. Robin throws the goblin at you!
The goblin hits you but does no damage. x2
You smack the goblin!
You kill the goblin!
The goblin hits you but does no damage.
You cannot move.
You cannot move.
You completely miss the goblin. The goblin barely misses you. 😱 HP[+1]
You miss the goblin. You punch the goblin.
The goblin no longer looks unusually strong.
The goblin hits you but does no damage.
The hobgoblin hits you but does no damage.
The goblin hits you but does no damage.
You smack the goblin!
You kill the goblin!
The goblin hits you but does no damage. The hobgoblin completely misses you.
You hit the goblin. The goblin hits you with a +0 club.
* * * LOW HITPOINT WARNING * * *
The hobgoblin hits you but does no damage. 😱 HP[-1]
You take 1 damage, and now have 3/60 hp.
You hit the goblin.
You kill the goblin!
The hobgoblin hits you but does no damage.
You smack the hobgoblin!
You kill the hobgoblin!
You cannot move.
You cannot move.
Unknown command.
Okay, then.
You closely miss Robin.
Robin hits you but does no damage. 😱 HP[+1]
You smack Robin!
Robin zaps a wand.
The puff of flame hits you!
You die...

Skill      XL: |  1  2  3  4 |
---------------+-------------+-----
Shapeshifting  | 3 4 |  4.3
Unarmed Combat | 3 |  3.7
Fighting       | 2 |  2.8
Dodging        | |  1.7

Action                     |  1- 3 |  4- 6 || total
---------------------------+-------+-------++-------
  Melee: Unarmed           |    98 |   106 ||   204
         Touch             |    12 |    15 ||    27
         Punch             |     2 |     1 ||     3
    Use: Scroll            |       |     7 ||     7
         Potion            |       |     4 ||     4
   Stab: Sleeping          |     1 |       ||     1
 Armour: Animal skin       |    40 |       ||    40
         Skin              |       |    67 ||    67
  Dodge: Dodged            |    61 |    97 ||   158
   Form: Flux              |       |     1 ||     1

Levels and vault maps discovered:
D:1:      dpeg_arrival_central, layout_loops_corners,
          dreamdust_ecumenical_altar_grove
D:2:      layout_loops_cross
D:3:      cheibrodos_fertilizer, layout_basic, tso_metal_star, uniq_robin,
          uniq_natasha, uniq_sigmund

Notes
Turn   | Place    | Note
-------+----------+-------------------------------------------
     0 | D:1      | kae the Demonspawn Shapeshifter began the quest for the
                  | Orb.
     0 | D:1      | Reached XP level 1. HP: 15/15 MP: 1/1
     0 | D:1      | magus.rc [v1.11.3]
    96 | D:1      | You pick up a book of Blasting and begin reading...
    96 | D:1      | You add the spells Volatile Blastmotes, Fulminant Prism and
                  | Iskenderun's Mystic Blast to your library.
   255 | D:1      | Gained mutation: Your touch may inflict minor irresistible
                  | damage on your foes. [demonic ancestry]
   255 | D:1      | Reached XP level 2. HP: 21/21 MP: 2/2
   460 | D:1      | Reached skill level 3 in Shapeshifting
   534 | D:1      | Found a faded altar of an unknown god.
   741 | D:1      | Reached skill level 3 in Unarmed Combat
  1016 | D:2      | Reached XP level 3. HP: 24/26 MP: 3/3
  1521 | D:2      | Reached skill level 2 in Fighting
  1529 | D:2      | HP: 6/27 [poisoned by a kobold]
  1744 | D:2      | Reached XP level 4. HP: 22/33 MP: 4/4
  2029 | D:3      | Found a stormy altar of Qazlal.
  2029 | D:3      | Found a burning altar of Makhleb.
  2029 | D:3      | Found a sacrificial altar of Ru.
  2029 | D:3      | Found a shimmering altar of Xom.
  2029 | D:3      | Found a shimmering altar of Xom.
  2163 | D:3      | Reached skill level 4 in Shapeshifting
  2163 | D:3      | Reached XP level 5. HP: 27/39 MP: 5/5
  2244 | D:3      | You pick up a book of Geomancy and begin reading...
  2244 | D:3      | You add the spells Sandblast, Passwall, Stone Arrow and
                  | Brom's Barrelling Boulder to your library.
  2273 | D:3      | HP: 2/27 [orc priest/divine providence (13)]
  2498 | D:3      | Noticed Robin
  2520 | D:3      | HP: 4/29 [goblin/+0 dagger[Robin] (5)]
  2521 | D:3      | HP: 1/29 [goblin/+0 dagger[Robin] (3)]
  2531 | D:3      | HP: 3/60 [goblin/+0 club[Robin] (2)]
  2536 | D:3      | Killed from afar by Robin

Vanquished Creatures
  A jelly (D:3)
  An orc priest (D:3)
  An orc wizard (D:2)
  6 adders
  3 dart slugs
  A ribbon worm (D:2)
  2 orcs
  4 ball pythons
  7 endoplasms (D:3)
  2 giant cockroaches
  12 goblins
  10 hobgoblins
  A quokka (D:2)
  9 bats
  4 frilled lizards
  12 kobolds
  2 rats
78 creatures vanquished.

Table legend:
 A = Non-vault XP
 B = Vault XP
 C = Vault XP percentage of total XP
 D = Non-vault monster count
 E = Vault monster count
 F = Vault count percentage of total count
                 A         B        C        D         E       F
            +---------+---------+-------+---------+---------+-------
      Total |     240 |      86 |  26.4 |      53 |      25 |  32.1
            +---------+---------+-------+---------+---------+-------
        D:1 |      36 |       0 |   0.0 |      21 |       0 |   0.0
        D:2 |     112 |       0 |   0.0 |      22 |       0 |   0.0
        D:3 |      92 |      86 |  48.3 |      10 |      25 |  71.4
            +---------+---------+-------+---------+---------+-------

Skill      XL: |  1  2  3  4 |
---------------+-------------+-----
Shapeshifting  | 3 4 |  4.3
Unarmed Combat | 3 |  3.7
Fighting       | 2 |  2.8
Dodging        | |  1.7

Action                     |  1- 3 |  4- 6 || total
---------------------------+-------+-------++-------
  Melee: Unarmed           |    98 |   106 ||   204
         Touch             |    12 |    15 ||    27
         Punch             |     2 |     1 ||     3
    Use: Scroll            |       |     7 ||     7
         Potion            |       |     4 ||     4
   Stab: Sleeping          |     1 |       ||     1
 Armour: Animal skin       |    40 |       ||    40
         Skin              |       |    67 ||    67
  Dodge: Dodged            |    61 |    97 ||   158
   Form: Flux              |       |     1 ||     1

Illustrated notes

Table legend:
 A = Kills in this place as a percentage of kills in the entire game.
 B = Kills by you in this place as a percentage of kills by you in the entire game.
 C = Kills by friends in this place as a percentage of kills by friends in the entire game.
 D = Other kills in this place as a percentage of other kills in the entire game.
 E = Experience gained in this place as a percentage of experience gained in the entire game.
 F = Experience gained in this place divided by the number of levels of this place that you have seen.
                   A       B       C       D       E      F
               +-------+-------+-------+-------+-------+----------------------
         Total | 100.0 | 100.0 |   N/A |   N/A | 100.0 | 108.7
       Dungeon | 100.0 | 100.0 |   N/A |   N/A | 100.0 | 108.7
               +-------+-------+-------+-------+-------+----------------------

Table legend: (Time is in decaauts)
 A = Elapsed time spent in this place.
 B = Non-inter-level travel time spent in this place.
 C = Inter-level travel time spent in this place.
 D = Time resting spent in this place.
 E = Time spent auto-exploring this place.
 F = Levels seen in this place.
 G = Mean time per level.
                   A        B        C        D        E       F      G
               +--------+--------+--------+--------+--------+-----+--------+
         Total |   2507 |   2435 |     72 |    131 |   1866 |   3 |  835.7 |
       Dungeon |   2507 |   2435 |     72 |    131 |   1866 |   3 |  835.7 |
               +--------+--------+--------+--------+--------+-----+--------+

Top non-repeatable levels by time:
     D:1: 1002 daAuts
     D:2: 990 daAuts
     D:3: 514 daAuts
